 Dungeon Crawl Stone Soup version 0.29.1-2-gbd0b4ee654 (webtiles) character file.

Game seed: 7907487618563967242

116 KittyFluff the Trooper (level 5, 0/49 HPs)
             Began as a Gargoyle Berserker on Nov 15, 2022.
             Was a Priest of Trog.
             Killed from afar by Sigmund (6 damage)
             ... with a puff of flame
             ... on level 3 of the Dungeon.
             The game lasted 00:09:33 (2288 turns).

KittyFluff the Trooper (Gargoyle Berserker)         Turns: 2288, Time: 00:09:33

Health: 0/49       AC:  7    Str: 21    XL:     5   Next: 0%
Magic:  5/5        EV: 12    Int:  7    God:    Trog [***...]
Gold:   150        SH:  0    Dex: 11    Spells: 4/4 levels left

rFire   . . .      SeeInvis .   a - +0 mace
rCold   . . .      Faith    .   (no shield)
rNeg    + . .      Spirit   .   b - +0 animal skin
rPois   ∞          Reflect  .   f - +0 helmet
rElec   +          Harm     .   (no cloak)
rCorr   .          Rampage  .   (no gloves)
Will    .....                   (no boots)
Stlth   ..........              (no amulet)
HPRegen 0.16/turn               (no ring)
MPRegen 0.09/turn               (no ring)

@: berserking (expiring), very quick
A: sickness immunity, AC +4, negative energy resistance 1, electricity
resistance, torment resistance 1, petrification resistance
a: Renounce Religion, Berserk, Trog's Hand


You were on level 3 of the Dungeon.
You worshipped Trog.
Trog was most pleased with you.
You visited 1 branch of the dungeon, and saw 3 of its levels.

You collected 150 gold pieces.

Inventory:

Hand Weapons
 a - a +0 mace (weapon)
Missiles
 c - 15 poisoned darts (quivered)
Armour
 b - a +0 animal skin (worn)
 f - a +0 helmet (worn)
Magical Staves
 l - a staff of cold
Scrolls
 e - 4 scrolls of teleportation
 h - a scroll of poison {unknown}
 i - 2 scrolls of noise {unknown}
 j - 2 scrolls of enchant armour {unknown}
 m - a scroll of amnesia {unknown}
Potions
 d - a potion of lignification
 g - a potion of haste
 k - 2 potions of curing
 n - a potion of mutation {unknown}


   Skills:
 + Level 4.2 Fighting
 + Level 4.1 Maces & Flails
 * Level 3.0 Armour
 + Level 2.0 Dodging
 + Level 1.0 Stealth


You had 4 spell levels left.
You didn't know any spells.
Your spell library was empty.

Dungeon Overview and Level Annotations

Branches:
Dungeon (3/15)

Altars:

Annotations:
D:3 Sigmund


Innate Abilities, Weirdness & Mutations

You are immune to sickness and miasma.
Your stone body is resilient. (AC +4)
You are immune to poison.
You resist negative energy. (rN+)
You are resistant to electric shocks. (rElec)
You are resistant to unholy torment.
You are immune to petrification.


Message History

As you read the scroll of identify, it crumbles to dust.
d - a potion of lignification You feel yourself speed up.
Items here: ))))))))))) [[ †††††††.
Found a potion of curing.
You recover from your berserk rage.
k - 2 potions of curing (gained 1)
j - 2 scrolls labelled YCYKKYRUFFI (gained 1) Sigmund the Dreaded comes into view.
He is wielding a +0 scythe of protection and carrying a wand of flame (13).
Sigmund shouts!
Sigmund zaps a wand.
The puff of flame hits you!
A goblin comes into view. It is wielding a +0 club.
Sigmund mumbles some strange words.
Sigmund flickers and vanishes!
Deactivating autopickup; reactivate with Ctrl-A.
The goblin shouts!
Something hits you! Something hits you but does no damage.
A red film seems to cover your vision as you go berserk!
You feel yourself moving faster!
You feel mighty! Something hits you.
You feel a strong urge to attack something.
You sock something!
You hear a zap.
A puff of flame appears from out of thin air!
The puff of flame hits you.
You sock something! Something hits you.
You barely miss the goblin. The goblin barely misses you.
You closely miss something. The goblin hits you but does no damage.
Something hits you but does no damage.
You miss something. The goblin hits you but does no damage.
You miss something.
You hear some strange, mumbled words.
A puff of flame appears from out of thin air!
The puff of flame hits you!
* * * LOW HITPOINT WARNING * * *
You closely miss the goblin. The goblin completely misses you.
You hear a zap.
A puff of flame appears from out of thin air!
The puff of flame hits you.
You die...

..........##.:###.#......... ....
###..............................
####.....#.######...#####..######
)..#.#...#.# +.### #..# #
##...##..#.# #.# ##..##....# #.#
##.......# #.######
######.....######g......
.......#........@{#
.......#...#...#######
......................
......##.#≈≈≈≈≈≈≈#####
...##.##...~...~## ...
#.##....~...# ### #.##........#
#.##........## #.##.........#


You could see a goblin.

Vanquished Creatures
  Terence (D:3)
  Robin (D:3)
  An adder (D:2)
  A worm (D:2)
  An orc (D:3)
  4 ball pythons
  4 bats
  6 endoplasms
  4 giant cockroaches
  14 goblins
  7 hobgoblins
  3 quokkas (D:1)
  5 frilled lizards
  3 kobolds
  7 rats
62 creatures vanquished.

Notes
Turn   | Place    | Note
-------+----------+-------------------------------------------
     0 | D:1      | KittyFluff the Gargoyle Berserker began the quest for the
                  | Orb.
     0 | D:1      | Reached XP level 1. HP: 14/14 MP: 1/1
    59 | D:1      | Reached XP level 2. HP: 18/19 MP: 2/2
   264 | D:1      | Found a faded altar of an unknown god.
   522 | D:1      | Reached ** piety under Trog
   575 | D:1      | Reached XP level 3. HP: 24/24 MP: 3/3
  1838 | D:3      | Noticed Terence
  1843 | D:3      | Killed Terence
  1844 | D:3      | Reached XP level 4. HP: 29/29 MP: 4/4
  2146 | D:3      | Noticed Robin
  2156 | D:3      | Killed Robin
  2164 | D:3      | Reached skill level 1 in Stealth
  2174 | D:3      | Reached *** piety under Trog
  2184 | D:3      | Reached XP level 5. HP: 21/33 MP: 5/5
  2273 | D:3      | Noticed Sigmund
  2288 | D:3      | Killed from afar by Sigmund

Illustrated notes

Levels and vault maps discovered:
D:1:      lightli_iron_boxes, layout_basic,
          hellmonk_ecumenical_altar_pennies_from_heaven
D:2:      layout_loops_cross, minmay_misc_feat_rugged
D:3:      layout_basic, general_overflow_altar, serial_rivers,
          chequers_serial_rivers_large_a, chequers_serial_rivers_marsh,
          chequers_serial_rivers_micro_d, chequers_serial_rivers_large_b,
          chequers_serial_rivers_micro_e, corexii_hall_statues_i,
          uniq_crazy_yiuf_cottage, uniq_robin, uniq_sigmund, uniq_terence

Skill      XL: |  1  2  3  4 |
---------------+-------------+-----
Fighting       | 4 |  4.2
Maces & Flails | 4 |  4.1
Armour         | 3 |  3.0
Stealth        | 1 |  1.0
Dodging        | 2 |  2.0

Action                   |  1- 3 |  4- 6 || total
-------------------------+-------+-------++-------
Melee: Mace              |   105 |    54 ||   159
Invok: Berserk           |     1 |     2 ||     3
  Use: Scroll            |     4 |     1 ||     5
 Stab: Sleeping          |       |     2 ||     2
Armor: Animal skin       |    34 |    30 ||    64
Dodge: Dodged            |    63 |    30 ||    93
